 Dungeon Crawl Stone Soup version 0.19-a0-1170-g18f0c96 (webtiles) character file.

352 Gagarin the Poker (level 6, 0/48 HPs)
             Began as a Merfolk Gladiator on Aug 17, 2016.
             Was an Initiate of Okawaru.
             Slain by Menkaure (11 damage)
             ... in an ossuary.
             The game lasted 00:06:32 (3733 turns).

Gagarin the Poker (Merfolk Gladiator)               Turns: 3733, Time: 00:06:33

Health: 0/48       AC: 14    Str: 17    XL:     6   Next: 62%
Magic:  6/6        EV: 15    Int:  7    God:    Okawaru [......]
Gold:   214        SH:  0    Dex: 15    Spells: 0 memorised, 5 levels left

rFire  . . .     SeeInvis .     a - +0 trident
rCold  . . .     Gourm    .     b - +0 leather armour
rNeg   . . .     Faith    .     (no shield)
rPois  .         Spirit   .     l - +1 helmet
rElec  .         Dismiss  .     (no cloak)
rCorr  .         Reflect  .     (no gloves)
MR     .....     Harm     .     (no boots)
Stlth  +.........               (no amulet)
                                A - +5 ring of protection
                                j - +4 ring of protection

@: very slightly contaminated, hasted, very quick
A: change form in water, swift swim
a: Renounce Religion


You were in an ossuary.
You worshipped Okawaru.
Okawaru was noncommittal.
You were hungry.

You visited 1 branch of the dungeon, and saw 5 of its levels.
You also visited: Ossuary.

You collected 214 gold pieces.

Inventory:

Hand Weapons
 a - a +0 trident (weapon)
Missiles
 d - a throwing net (quivered)
Armour
 b - a +0 leather armour (worn)
 l - a +1 helmet (worn)
Jewellery
 c - a +6 ring of intelligence
 j - a +4 ring of protection (left hand)
 A - a +5 ring of protection (right hand)
Wands
 v - a wand of lightning (10/15)
Scrolls
 g - 2 scrolls of teleportation {unknown}
 h - 5 scrolls of identify {unknown}
 i - a scroll of magic mapping {unknown}
 m - a scroll of recharging {unknown}
 o - 2 scrolls of amnesia {unknown}
 q - 2 scrolls of remove curse {unknown}
 x - 2 scrolls of fear {unknown}
 y - a scroll of random uselessness {unknown}
Potions
 s - a potion of agility {unknown}
 t - a potion of cancellation {unknown}
 u - a potion of lignification {unknown}
 w - a potion of mutation {unknown}
 z - a potion of cure mutation {unknown}
Comestibles
 f - a bread ration
 k - a fruit
 p - 2 meat rations


   Skills:
 + Level 4.2 Fighting
 + Level 6.7 Polearms
 - Level 2.0 Throwing
 + Level 1.5 Armour
 + Level 6.0 Dodging


You had 5 spell levels left.
You didn't know any spells.

Dungeon Overview and Level Annotations

Branches:
Dungeon (5/15)
 Temple: D:4-7

Altars:
Dithmenos
Hepliaklqana
Kikubaaqudgha
Okawaru
Trog
The Shining One

Annotations:
Ossuary Menkaure


Message History

It was a potion of curing.
You feel better. Menkaure closely misses you.
A mummy comes into view.
It was a potion of haste.
You feel yourself speed up. Menkaure hits you!
* * * LOW HITPOINT WARNING * * *
Menkaure closely misses you.
You are very lightly contaminated with residual magic.
You barely miss Menkaure.
Menkaure is heavily damaged.
You hit Menkaure.
Menkaure is heavily damaged.
Menkaure misses you.
You puncture Menkaure!
Menkaure is almost destroyed.
Menkaure completely misses you.
You feel better. Menkaure misses you.
You hit Menkaure but do no damage.
Menkaure is almost destroyed.
Menkaure sighs in an indecipherable tongue.
Menkaure hits you!
You die...

##..##..##..####..##..##..##
##..##..##..## ##..##..##..##
##..##..##..## ##..##..##..##
##..##..##..## ##..##..##..#
#..##..##..## ##..##..##..
^.##..##..## ##..##..##.
.##..##..## ##..##..##
##..##^.##############''##..##..#
#..##......^....@MMMM... ##..##..
..##########################..##^
...............................##
#################################
...^.......^.^...................
#################################


You could see Menkaure and 3 mummies.

Vanquished Creatures
  An ogre (D:4)
  A howler monkey (D:5)
  A jelly (D:5)
  Terence (D:3)
  3 gnolls
  4 adders
  A shadow imp (D:5)
  An adder zombie (D:5)
  3 worms
  7 giant geckos
  A ball python (D:4)
  4 giant cockroaches
  8 goblins
  7 hobgoblins
  10 jackals (D:1)
  4 kobolds
  A quokka (D:4)
  6 bats
  A gnoll skeleton (Ossuary)
  3 gnoll zombies (Ossuary)
  2 goblin skeletons (Ossuary)
  4 goblin zombies (Ossuary)
  4 hobgoblin skeletons (Ossuary)
  2 hobgoblin zombies (Ossuary)
  3 kobold skeletons (Ossuary)
  A kobold zombie (Ossuary)
  An orc skeleton (Ossuary)
  3 orc zombies (Ossuary)
  10 rats
  2 rat skeletons (Ossuary)
  A rat zombie (Ossuary)
101 creatures vanquished.

Vanquished Creatures (others)
  2 gnoll skeletons (Ossuary)
  2 gnoll zombies (Ossuary)
  2 goblin skeletons (Ossuary)
  3 goblin zombies (Ossuary)
  A hobgoblin skeleton (Ossuary)
  A hobgoblin zombie (Ossuary)
  A kobold skeleton (Ossuary)
  2 kobold zombies (Ossuary)
  4 orc skeletons (Ossuary)
  2 orc zombies (Ossuary)
  2 rat skeletons (Ossuary)
  A rat zombie (Ossuary)
23 creatures vanquished.

Grand Total: 124 creatures vanquished

Notes
Turn   | Place    | Note
-------+----------+-------------------------------------------
     0 | D:1      | Gagarin the Merfolk Gladiator began the quest for the Orb.
     0 | D:1      | Reached XP level 1. HP: 16/16 MP: 1/1
   198 | D:1      | Reached XP level 2. HP: 23/23 MP: 2/2
   476 | D:1      | Reached XP level 3. HP: 28/28 MP: 3/3
   544 | D:1      | Reached skill level 5 in Polearms
  1167 | D:2      | Reached XP level 4. HP: 35/35 MP: 4/4
  1367 | D:2      | Reached skill level 5 in Dodging
  1657 | D:2      | Reached XP level 5. HP: 10/41 MP: 5/5
  2040 | D:3      | Found an iron altar of Okawaru.
  2048 | D:3      | Found a bloodstained altar of Trog.
  2062 | D:3      | Became a worshipper of Warmaster Okawaru
  2085 | D:3      | Found a shadowy altar of Dithmenos.
  2178 | D:3      | Noticed Terence
  2194 | D:3      | Killed Terence
  2633 | D:4      | Found a glowing golden altar of the Shining One.
  2660 | D:4      | Noticed an ogre
  2671 | D:4      | Killed an ogre
  2671 | D:4      | Reached skill level 1 in Armour
  2671 | D:4      | Reached XP level 6. HP: 25/48 MP: 6/6
  2904 | D:4      | Found an ancient bone altar of Kikubaaqudgha.
  3080 | D:4      | Found a hazy altar of Hepliaklqana.
  3352 | D:5      | Entered Level 5 of the Dungeon
  3448 | D:5      | Found a sand-covered staircase.
  3464 | Ossuary  | Entered an ossuary
  3717 | Ossuary  | Noticed Menkaure
  3728 | Ossuary  | HP: 2/48 [Menkaure (15)]
  3733 | Ossuary  | Slain by Menkaure

Vault maps used:
D:1:      scummos_arrival_forest, minmay_split_cup_small
D:3:      grunt_temple_overflow_open, lemuel_crystal_altar, uniq_terence
D:4:      nicolae_overflow_crystal_walls, old_standard_altar,
          kiku_gazebo_garden_becter
D:5:      lemuel_coloured_pillars_altar, led_sif_book, first_bread,
          nicolae_ossuary_entry_ruins
Ossuary:  ossuary_due_pyramid

Skill      XL: |  1  2  3  4  5  6 |
---------------+-------------------+-----
Polearms       | 5 6 |  6.7
Fighting       | 3 4 |  4.2
Dodging        | 5 6 |  6.0
Armour         | 1 |  1.5
Throwing       | |  2.0

Action                   |  1- 3 |  4- 6 || total
-------------------------+-------+-------++-------
Melee: Trident           |   117 |   241 ||   358
Throw: Throwing net      |       |     2 ||     2
  Use: Potion            |       |     5 ||     5
 Stab: Distracted        |     1 |       ||     1
       Sleeping          |       |     2 ||     2
  Eat: Chunk             |     1 |     6 ||     7
       Beef jerky        |       |     1 ||     1
Armor: Leather armour    |    30 |    29 ||    59
Dodge: Dodged            |   104 |   110 ||   214
